[Event "DVM U20 2019"]
[Site "Braunschweig"]
[Date "2019.12.29"]
[Round "5"]
[White "Gorainow, Nikita"]
[Black "Düro, Liam"]
[Result "1-0"]
[ECO "B18"]
[WhiteElo "1946"]
[BlackElo "1841"]
[Annotator "NA"]
[PlyCount "46"]
[EventDate "2019.12.27"]
[EventType "team-tourn"]
[EventRounds "7"]
[EventCountry "GER"]
[SourceTitle "playchess.com"]
[Source "ChessBase"]
[SourceQuality "1"]
[WhiteTeam "SF Essen-Katernberg"]
[BlackTeam "SG Trier"]
[TimeControl "40/5400+30:1800+30"]

1. e4 c6 2. d4 d5 3. Nc3 dxe4 4. Nxe4 Bf5 5. Ng3 Bg6 6. Nh3 {unterminated} h6 (6... Nf6 $11 {remains equal.}) 7. Nf4 $14 Bh7 8. Bc4 Nf6 9. O-O g5 10. Nfh5 Nbd7 11. f4 Nxh5 12. Nxh5 e6 13. c3 Bg6 14. Ng3 gxf4 15. Bxf4 Qb6 16. Qe2 O-O-O 17. b4 h5 18. a4 e5 19. a5 Qc7 20. dxe5 Bh6 21. Bxh6 Rxh6 22. Nf5 Bxf5 23. Rxf5 {[%emt 0:00:04] normal} f6 1-0

[Event "DVM U20 2019"]
[Site "Braunschweig"]
[Date "2019.12.29"]
[Round "5"]
[White "Tiedemann, Fin Niklas"]
[Black "Engel, Robert"]
[Result "1/2-1/2"]
[ECO "B24"]
[WhiteElo "1936"]
[BlackElo "2075"]
[Annotator "NA"]
[PlyCount "83"]
[EventDate "2019.12.27"]
[EventType "team-tourn"]
[EventRounds "7"]
[EventCountry "GER"]
[SourceTitle "playchess.com"]
[Source "ChessBase"]
[SourceQuality "1"]
[WhiteTeam "Lübecker SV"]
[BlackTeam "Hamburger SK"]
[TimeControl "40/5400+30:1800+30"]

1. e4 c5 2. Nc3 Nc6 3. g3 g6 4. Bg2 Bg7 5. d3 e6 6. Be3 {[%emt 0:00:49] unterminated} d6 {[%emt 0:01:10] unterminated} 7. Qd2 {[%emt 0:00:44] unterminated} Nd4 {[%emt 0:02:03] unterminated} 8. Nd1 {[%emt 0:01:23] unterminated} Rb8 9. c3 Nc6 {[%emt 0:00:05] unterminated} 10. Ne2 {[%emt 0:06:48] unterminated} b5 {[%emt 0:04:37] unterminated} 11. d4 cxd4 {[%emt 0:00:25] unterminated} 12. cxd4 {[%emt 0:04:55] unterminated} Qa5 $14 13. d5 Qxd2+ 14. Kxd2 exd5 15. exd5 Ne5 16. Bxa7 Nc4+ 17. Kc1 Rb7 18. Bd4 Nf6 19. b3 Na3 20. Ne3 O-O 21. Kd2 b4 22. Nc4 Nxc4+ 23. bxc4 Bf5 24. f3 Rc8 25. g4 Bd7 26. g5 Nh5 27. Rhc1 b3 28. Bxg7 b2 29. Bxb2 Rxb2+ 30. Rc2 Rxc2+ 31. Kxc2 Rxc4+ 32. Kb3 Rh4 33. h3 Bb5 34. Nc3 Bc4+ 35. Kc2 Nf4 36. Bf1 Nxd5 37. Nxd5 Bxd5 38. Bg2 Rh5 39. a4 Rxg5 40. Bh1 Bc4 41. Kc3 Ba6 42. Kb4 {[%emt 0:13:57] normal} 1/2-1/2

[Event "DVM U20 2019"]
[Site "Braunschweig"]
[Date "2019.12.29"]
[Round "5"]
[White "Triantafillidis, Simeon"]
[Black "Wu, Leon"]
[Result "1-0"]
[ECO "C47"]
[WhiteElo "1931"]
[BlackElo "2019"]
[Annotator "NA"]
[PlyCount "115"]
[EventDate "2019.12.27"]
[EventType "team-tourn"]
[EventRounds "7"]
[EventCountry "GER"]
[SourceTitle "playchess.com"]
[Source "ChessBase"]
[SourceQuality "1"]
[WhiteTeam "SF HN-Biberach"]
[BlackTeam "OSG Baden-Baden"]
[TimeControl "40/5400+30:1800+30"]

1. e4 e5 2. Nf3 Nc6 3. Nc3 Nf6 4. d4 {[%emt 0:00:00] unterminated} exd4 5. Nxd4 {[%emt 0:00:03] unterminated} Bb4 6. Nxc6 {[%emt 0:00:10] unterminated} bxc6 $11 7. Bd3 O-O 8. O-O Re8 9. Qf3 d5 10. exd5 Nxd5 11. Ne4 h6 12. c4 Nb6 13. b3 Nd7 14. Bb2 Ne5 15. Qg3 f6 16. Rad1 Kh8 17. Bb1 Qe7 18. f4 Nd7 19. a3 Bxa3 20. Bxa3 Qxa3 21. Qg6 Rxe4 22. Qxe4 Qc5+ 23. Kh1 Nf8 24. Rd8 Bf5 25. Rxf8+ Rxf8 26. Qxf5 Qxf5 27. Bxf5 Rb8 28. Rd1 g6 29. Bxg6 Rxb3 30. Kg1 Rc3 31. Bf7 a5 32. Ra1 Kg7 33. Be6 Re3 34. Bf5 Rc3 35. Ra4 Kf7 36. Be4 Ke7 37. Bxc6 Kd6 38. Bd5 Kc5 39. Rxa5+ Kd4 40. Kf2 Rc2+ 41. Kg3 f5 42. Ra6 Rc3+ 43. Kh4 Ke3 44. g3 h5 45. Kxh5 Rc2 46. Kg5 Rxh2 47. Kxf5 Rh5+ 48. Kg4 Rh7 49. Kg5 Kd4 50. f5 Rg7+ 51. Rg6 Rh7 52. f6 c6 53. f7 cxd5 54. f8=Q dxc4 55. Qf4+ Kc3 56. Qe3+ Kc2 57. Rc6 Rg7+ 58. Kh6 {[%emt 0:00:10] normal} 1-0

[Event "DVM U20 2019"]
[Site "Braunschweig"]
[Date "2019.12.29"]
[Round "5"]
[White "Dornieden, Jonas"]
[Black "Vuckovic, Robert"]
[Result "1-0"]
[ECO "D37"]
[WhiteElo "1912"]
[BlackElo "1897"]
[Annotator "NA"]
[PlyCount "63"]
[EventDate "2019.12.27"]
[EventType "team-tourn"]
[EventRounds "7"]
[EventCountry "GER"]
[SourceTitle "playchess.com"]
[Source "ChessBase"]
[SourceQuality "1"]
[WhiteTeam "SK Lehrte 1919"]
[BlackTeam "SF Augsburg"]
[TimeControl "40/5400+30:1800+30"]

1. d4 e6 2. c4 Nf6 3. Nf3 d5 4. Nc3 Nbd7 5. cxd5 exd5 6. Bg5 c6 7. e3 Qa5 8. Nd2 Ne4 9. Ndxe4 dxe4 10. Bf4 Nf6 11. Bc4 Nd5 12. Bxd5 cxd5 13. O-O Bd7 14. Qh5 Be6 15. Nxe4 Qb6 16. Ng5 g6 17. Qf3 Bg7 18. Nxe6 fxe6 19. Bg3 Rf8 20. Qe2 Kf7 21. Rfc1 Rac8 22. Qd2 Kg8 23. Rc2 Qa6 24. b3 b6 25. Rac1 Bf6 26. h4 Be7 27. Rc7 Ba3 28. R1c6 Rxc7 29. Rxc7 Re8 30. Qc2 Qb5 {[%emt 0:01:01] normal} 31. h5 Re7 {[%emt 0:00:46] normal} 32. hxg6 {[%emt 0:02:11] normal} 1-0

[Event "DVM U20 2019"]
[Site "Braunschweig"]
[Date "2019.12.29"]
[Round "5"]
[White "Rauch, Sören"]
[Black "Schimnatkowski, Lukas"]
[Result "*"]
[ECO "A46"]
[WhiteElo "1901"]
[BlackElo "2157"]
[Annotator "NA"]
[PlyCount "73"]
[EventDate "2019.12.27"]
[EventType "team-tourn"]
[EventRounds "7"]
[EventCountry "GER"]
[SourceTitle "playchess.com"]
[Source "ChessBase"]
[SourceQuality "1"]
[WhiteTeam "SG Trier"]
[BlackTeam "SF Essen-Katernberg"]
[TimeControl "40/5400+30:1800+30"]

1. d4 Nf6 2. Nf3 e6 3. Bf4 b5 4. e3 a6 5. Be2 Bb7 6. O-O {[%emt 0:00:20] A46: 1 d4 Nf6 2 Nf3 e6: Torre, London and Colle Systems} (6. Nbd2 c5 7. c3 Nc6 8. h3 d5 9. O-O Bd6 10. Bg5 cxd4 11. exd4 O-O 12. Re1 h6 13. Bxf6 Qxf6 {½-½ (67) Malczyk,R (2072)-Kosiorek,M (2233) Jastrzebia Gora 2019}) 6... c5 7. c4 $146 ({Predecessor:} 7. c3 d5 8. Nbd2 Be7 9. Rc1 O-O 10. a4 Bc6 11. Ne5 Bd7 12. b3 bxa4 13. bxa4 Nc6 {½-½ (58) Stosic,S-Nesic,U Vrbas 2015}) 7... bxc4 8. Bxc4 Be7 9. Nc3 cxd4 10. exd4 Bxf3 11. Qxf3 d5 12. Bb3 O-O 13. Rac1 Nc6 14. Rfd1 Na5 15. Na4 Nxb3 16. Qxb3 Bd6 17. Bxd6 Qxd6 {[%emt 0:00:06] unterminated} 18. Nc5 {[%emt 0:00:34] unterminated} Rfb8 {[%emt 0:08:46] unterminated} 19. Qc2 h5 {[%emt 0:00:20] unterminated} 20. b3 {[%emt 0:02:29] unterminated} Ng4 21. g3 a5 {[%emt 0:00:36] unterminated} 22. Qe2 {[%emt 0:04:32] unterminated} Rb4 {[%emt 0:03:49] unterminated} 23. Rc2 {[%emt 0:09:23] unterminated} Nf6 {[%emt 0:01:38] unterminated} 24. Kg2 {[%emt 0:06:19] unterminated} g6 {[%emt 0:01:19] unterminated} 25. f4 {unterminated} Rc8 {[%emt 0:04:40] unterminated} 26. Qd3 Ng4 {[%emt 0:01:04] unterminated} 27. Rdc1 {[%emt 0:05:06] unterminated} Nh6 {[%emt 0:01:35] unterminated} 28. a3 $11 {[%emt 0:00:47] unterminated} Rbb8 {[%emt 0:02:08] unterminated} 29. Qd2 Nf5 {[%emt 0:00:21] unterminated} 30. b4 {[%emt 0:00:58] unterminated} axb4 31. axb4 {[%emt 0:00:08] unterminated} Ra8 {unterminated} 32. Kf2 {[%emt 0:04:22] unterminated} Rcb8 33. Rb1 {[%emt 0:01:20] unterminated} Ra3 {[%emt 0:00:29] unterminated} 34. Rc3 {[%emt 0:00:23] unterminated} Rxc3 35. Qxc3 h4 {[%emt 0:00:16] unterminated} 36. b5 {[%emt 0:02:03] unterminated} hxg3+ 37. hxg3 {[%emt 0:00:05] unterminated} *

[Event "DVM U20 2019"]
[Site "Braunschweig"]
[Date "2019.12.29"]
[Round "5"]
[White "Jurga, Jonas Vincent"]
[Black "Eurich, Alexander"]
[Result "1-0"]
[ECO "B38"]
[WhiteElo "1896"]
[BlackElo "1741"]
[Annotator "NA"]
[PlyCount "53"]
[EventDate "2019.12.27"]
[EventType "team-tourn"]
[EventRounds "7"]
[EventCountry "GER"]
[SourceTitle "playchess.com"]
[Source "ChessBase"]
[SourceQuality "1"]
[WhiteTeam "OSG Baden-Baden"]
[BlackTeam "SF HN-Biberach"]
[TimeControl "40/5400+30:1800+30"]

1. e4 c5 2. Nf3 g6 3. c4 Bg7 4. d4 cxd4 5. Nxd4 {[%emt 0:00:01] unterminated} Nc6 6. Be3 $14 d6 7. Nc3 Nf6 8. Be2 Bd7 9. O-O O-O 10. h3 a6 11. Rc1 Rb8 12. a4 Qa5 13. f3 Rfc8 14. b3 Qe5 15. f4 Qa5 16. Nf3 Rd8 17. Nd5 Nxd5 18. cxd5 Nb4 19. Qe1 b5 20. axb5 Bxb5 21. Bxb5 axb5 22. Qh4 f6 23. Qg4 Nd3 24. Qe6+ Kf8 {[%emt 0:00:10] normal} 25. Ng5 {[%emt 0:03:29] normal} fxg5 26. fxg5+ {[%emt 0:00:07] normal} Ke8 27. Rf7 {[%emt 0:00:05] normal} 1-0

[Event "DVM U20 2019"]
[Site "Braunschweig"]
[Date "2019.12.29"]
[Round "5"]
[White "Freiherr von Hauff, Christopher"]
[Black "Verfuerth, Kevin"]
[Result "0-1"]
[ECO "B22"]
[WhiteElo "1868"]
[BlackElo "2038"]
[Annotator "NA"]
[PlyCount "86"]
[EventDate "2019.12.27"]
[EventType "team-tourn"]
[EventRounds "7"]
[EventCountry "GER"]
[SourceTitle "playchess.com"]
[Source "ChessBase"]
[SourceQuality "1"]
[WhiteTeam "SK Bebenhausen"]
[BlackTeam "SK Turm Kleve"]
[TimeControl "40/5400+30:1800+30"]

1. e4 c5 2. c3 d5 3. exd5 Qxd5 4. d4 e6 5. Nf3 Nf6 6. Be3 cxd4 7. cxd4 Nc6 8. Nc3 Qd8 9. Bd3 Be7 10. O-O O-O 11. Rc1 Nb4 12. Bb1 Nbd5 13. Bg5 Bd7 14. a3 Nxc3 15. Rxc3 Nd5 16. Bxe7 Qxe7 17. Qd3 g6 18. Rcc1 a6 19. Rfe1 Bb5 20. Qe4 Rfd8 21. Ba2 Qf6 22. Ne5 Qf5 23. Qh4 Qf4 24. Ng4 h5 25. Bxd5 Qxg4 26. Qxg4 hxg4 27. Bxb7 Rab8 28. Rc7 Rxd4 29. Rec1 Rbd8 30. Rc8 Kg7 31. Rxd8 Rxd8 32. g3 Rd2 33. b4 Ra2 34. Bc6 Bxc6 35. Rxc6 Rxa3 36. Kf1 Ra2 37. Rc5 Kf6 38. b5 Ra5 39. Rc4 axb5 40. Rxg4 Ra4 41. f4 Kg7 42. Rg5 f5 43. h4 {[%emt 0:00:10] normal} b4 {[%emt 0:01:37] normal} 0-1

[Event "DVM U20 2019"]
[Site "Braunschweig"]
[Date "2019.12.29"]
[Round "5"]
[White "von Angern, Cedric"]
[Black "Liess, Alexander"]
[Result "0-1"]
[ECO "B92"]
[WhiteElo "1867"]
[BlackElo "1852"]
[Annotator "NA"]
[PlyCount "48"]
[EventDate "2019.12.27"]
[EventType "team-tourn"]
[EventRounds "7"]
[EventCountry "GER"]
[SourceTitle "playchess.com"]
[Source "ChessBase"]
[SourceQuality "1"]
[WhiteTeam "SG Aufbau Elbe Magdeburg"]
[BlackTeam "SC Bavaria Regensburg"]
[TimeControl "40/5400+30:1800+30"]

1. e4 c5 2. Nf3 d6 3. d4 cxd4 4. Nxd4 Nf6 {[%emt 0:00:19] unterminated} 5. Nc3 a6 6. Be2 e5 7. Nb3 {[%emt 0:00:15] unterminated} Be7 {[%emt 0:00:23] unterminated} 8. O-O O-O 9. Re1 {[%emt 0:00:55] unterminated} Be6 {[%emt 0:01:47] unterminated} 10. Bf1 {[%emt 0:01:28] unterminated} Nbd7 {[%emt 0:03:23] unterminated} 11. a4 {[%emt 0:04:50] unterminated} Qc7 {[%emt 0:10:05] unterminated} 12. a5 {[%emt 0:10:03] unterminated} Rac8 $11 13. Bd3 Nc5 14. Nxc5 dxc5 15. Bg5 c4 16. Bf1 Rfd8 17. Qf3 Ne8 18. Bxe7 Qxe7 19. Na4 Rc6 20. c3 Rd2 21. Red1 Rxd1 22. Rxd1 Qc7 23. Nb6 Rc5 24. Ra1 Nd6 {[%emt 0:01:53] normal} 0-1

[Event "DVM U20 2019"]
[Site "Braunschweig"]
[Date "2019.12.29"]
[Round "5"]
[White "Hennemann, Florian"]
[Black "Schamschurko, Andre"]
[Result "1-0"]
[ECO "B32"]
[WhiteElo "1865"]
[BlackElo "1868"]
[Annotator "NA"]
[PlyCount "62"]
[EventDate "2019.12.27"]
[EventType "team-tourn"]
[EventRounds "7"]
[EventCountry "GER"]
[SourceTitle "playchess.com"]
[Source "ChessBase"]
[SourceQuality "1"]
[WhiteTeam "Sges Bensheim"]
[BlackTeam "USV TU Dresden"]
[TimeControl "40/5400+30:1800+30"]

1. e4 c5 2. Nf3 Nc6 3. d4 cxd4 4. Nxd4 e5 5. Nb5 d6 6. N1c3 a6 7. Na3 b5 8. Nd5 Nge7 9. Bg5 h6 10. Bh4 Be6 11. c3 Bxd5 12. exd5 Nb8 13. Bxe7 Bxe7 14. Bd3 O-O 15. Qh5 Nd7 16. Nc2 Qe8 17. Ne3 Nc5 18. Bc2 Bg5 19. Nf5 e4 20. h4 Qe5 21. hxg5 Qxf5 22. gxh6 Qxh5 23. Rxh5 g6 24. Rh4 Rae8 25. Kd2 Re5 26. b4 Rxd5+ 27. Ke3 Na4 28. Bxa4 bxa4 29. Rxe4 Kh7 30. c4 Rh5 31. Rd1 Rb8 {[%emt 0:10:50] normal} 1-0

[Event "DVM U20 2019"]
[Site "Braunschweig"]
[Date "2019.12.29"]
[Round "5"]
[White "Doepper, Anna Berenice"]
[Black "Kirschweng, Luca"]
[Result "1-0"]
[ECO "C10"]
[WhiteElo "1855"]
[BlackElo "1718"]
[Annotator "NA"]
[PlyCount "105"]
[EventDate "2019.12.27"]
[EventType "team-tourn"]
[EventRounds "7"]
[EventCountry "GER"]
[SourceTitle "playchess.com"]
[Source "ChessBase"]
[SourceQuality "1"]
[WhiteTeam "SF Essen-Katernberg"]
[BlackTeam "SG Trier"]
[TimeControl "40/5400+30:1800+30"]

1. e4 e6 2. d4 d5 3. Nc3 dxe4 4. Nxe4 Nd7 5. Nf3 Be7 6. Bd3 Ngf6 7. Nxf6+ {[%emt 0:00:09] unterminated} Bxf6 8. Qe2 {[%emt 0:00:31] unterminated} O-O {[%emt 0:02:00] unterminated} 9. c3 (9. h4 $14) 9... Re8 $14 ({Black should try} 9... e5 $11) 10. Ne5 c5 11. Nxd7 Bxd7 12. dxc5 Qc7 13. Be3 Bc6 14. f3 e5 15. Qc2 h6 16. O-O Re7 17. Bf2 Rae8 18. Rfe1 a6 19. a4 Rd8 20. Rad1 Red7 21. Bf5 Rxd1 22. Rxd1 Rxd1+ 23. Qxd1 g6 24. Bc2 Be7 25. b4 Kg7 26. Qd2 h5 27. Be3 Qc8 28. c4 Be8 29. Qd5 f6 30. Be4 Bc6 31. Qd1 Be8 32. Qc2 Qc7 33. Bd5 Bd7 34. Bf2 Kh7 35. Kf1 Kg7 36. Qb3 Bf8 37. Be4 Be7 38. Qc2 Be8 39. Be3 Qc8 40. Qb3 Qc7 41. Bd2 Qc8 42. Qe3 g5 43. Bc2 Qe6 44. Qe4 Bc6 45. Qh7+ Kf8 46. Qh8+ Qg8 47. Qxg8+ Kxg8 48. Be3 Kf7 49. b5 Be8 50. Be4 axb5 51. cxb5 Ke6 52. Bxb7 Kf7 53. Be4 {normal} 1-0

[Event "DVM U20 2019"]
[Site "Braunschweig"]
[Date "2019.12.29"]
[Round "5"]
[White "Genov, Valentin"]
[Black "Kroschel, Anton"]
[Result "1-0"]
[ECO "A65"]
[WhiteElo "1829"]
[BlackElo "1756"]
[Annotator "NA"]
[PlyCount "67"]
[EventDate "2019.12.27"]
[EventType "team-tourn"]
[EventRounds "7"]
[EventCountry "GER"]
[SourceTitle "playchess.com"]
[Source "ChessBase"]
[SourceQuality "1"]
[WhiteTeam "Hamburger SK"]
[BlackTeam "Lübecker SV"]
[TimeControl "40/5400+30:1800+30"]

1. d4 Nf6 2. c4 e6 3. Nc3 c5 4. d5 exd5 5. cxd5 d6 6. e4 {[%emt 0:00:00] unterminated} Be7 {[%emt 0:00:42] unterminated} 7. f3 {[%emt 0:02:25] unterminated} O-O {[%emt 0:00:36] unterminated} 8. Be3 $11 Na6 9. Qd2 Bd7 10. Rb1 Re8 11. a3 Qa5 12. Nb5 Qxd2+ 13. Kxd2 Rec8 14. Bf4 Bxb5 15. Bxb5 Nc7 16. Bd3 b5 17. b3 h6 18. Ne2 a6 19. Ng3 Bf8 20. Nf5 Nce8 21. Rhc1 h5 22. Ke2 Rab8 23. a4 c4 24. bxc4 bxa4 25. Rxb8 Rxb8 26. Rb1 a3 27. Rxb8 a2 28. Rb1 axb1=Q 29. Bxb1 g6 30. Nd4 Nd7 31. Nc6 f6 32. Kd2 g5 33. Be3 Nc7 34. Kc3 {[%emt 0:00:49] normal} 1-0

[Event "DVM U20 2019"]
[Site "Braunschweig"]
[Date "2019.12.29"]
[Round "5"]
[White "Hamkar, Mehran"]
[Black "Brockmeyer, Tobias"]
[Result "1/2-1/2"]
[ECO "C02"]
[WhiteElo "1814"]
[BlackElo "1902"]
[Annotator "NA"]
[PlyCount "42"]
[EventDate "2019.12.27"]
[EventType "team-tourn"]
[EventRounds "7"]
[EventCountry "GER"]
[SourceTitle "playchess.com"]
[Source "ChessBase"]
[SourceQuality "1"]
[WhiteTeam "SF Augsburg"]
[BlackTeam "SK Lehrte 1919"]
[TimeControl "40/5400+30:1800+30"]

1. e4 e6 2. d4 d5 3. e5 c5 4. c3 Nc6 5. Nf3 Bd7 6. Bd3 cxd4 7. cxd4 Qb6 8. O-O Nxd4 {[%emt 0:00:05] unterminated} 9. Nxd4 Qxd4 $15 10. Nc3 a6 11. Qe2 Rc8 12. Kh1 Bc5 13. f4 Ne7 14. Bd2 O-O 15. Rf3 f5 16. a3 Bb5 17. Nxb5 axb5 18. Be3 Qa4 19. Bxb5 Qe4 {[%emt 0:04:11] normal} 20. Bd3 {normal} Qa4 {[%emt 0:00:12] normal} 21. Bb5 Qe4 1/2-1/2

[Event "DVM U20 2019"]
[Site "Braunschweig"]
[Date "2019.12.29"]
[Round "5"]
[White "Roos, Elias"]
[Black "Gallas, Noel"]
[Result "0-1"]
[ECO "E32"]
[WhiteElo "1812"]
[BlackElo "1785"]
[Annotator "NA"]
[PlyCount "34"]
[EventDate "2019.12.27"]
[EventType "team-tourn"]
[EventRounds "7"]
[EventCountry "GER"]
[SourceTitle "playchess.com"]
[Source "ChessBase"]
[SourceQuality "1"]
[WhiteTeam "SG Trier"]
[BlackTeam "SF Essen-Katernberg"]
[TimeControl "40/5400+30:1800+30"]

1. d4 Nf6 2. c4 e6 3. Nc3 Bb4 4. Qc2 O-O 5. a3 Bxc3+ 6. Qxc3 b5 7. cxb5 c6 8. bxc6 Nxc6 9. Nf3 Ba6 10. g3 Rc8 11. Bd2 Ne4 12. Qe3 Nxd2 13. Qxd2 Na5 14. Rd1 Nc4 15. Qc3 Qb6 16. b4 Nd6 17. Qe3 Nb5 {[%emt 0:07:45] normal} 0-1

[Event "DVM U20 2019"]
[Site "Braunschweig"]
[Date "2019.12.29"]
[Round "5"]
[White "Mundt, Alexandra"]
[Black "Fuhrmann, Aeke"]
[Result "1/2-1/2"]
[ECO "B72"]
[WhiteElo "1775"]
[BlackElo "1879"]
[Annotator "NA"]
[PlyCount "88"]
[EventDate "2019.12.27"]
[EventType "team-tourn"]
[EventRounds "7"]
[EventCountry "GER"]
[SourceTitle "playchess.com"]
[Source "ChessBase"]
[SourceQuality "1"]
[WhiteTeam "Lübecker SV"]
[BlackTeam "Hamburger SK"]
[TimeControl "40/5400+30:1800+30"]

1. e4 c5 2. Nf3 d6 3. d4 cxd4 4. Nxd4 Nf6 5. Nc3 g6 {[%emt 0:00:01] unterminated} 6. Be2 Bg7 {[%emt 0:00:07] unterminated} 7. Be3 O-O {[%emt 0:00:28] unterminated} 8. Qd2 Nc6 {[%emt 0:00:29] unterminated} 9. Nb3 {[%emt 0:02:16] unterminated} Ng4 {[%emt 0:01:54] unterminated} 10. Bg5 {[%emt 0:09:03] unterminated} Be6 {[%emt 0:07:35] unterminated} 11. h3 $11 Nge5 12. O-O-O Bxb3 13. cxb3 Qa5 14. Bh6 Bxh6 15. Qxh6 Rac8 16. Qd2 Nd7 17. Kb1 a6 18. h4 Nf6 19. Qg5 Qxg5 20. hxg5 Nd7 21. Rh6 Kg7 22. Rdh1 Rh8 23. f4 Nc5 24. Bg4 Rcd8 25. f5 b5 26. Bf3 f6 27. gxf6+ exf6 28. Nd5 Nd7 29. fxg6 hxg6 30. Rxh8 Rxh8 31. Rxh8 Kxh8 32. Nc7 Nd4 33. Nxa6 Nxf3 34. gxf3 Ne5 35. Nb4 Nxf3 36. a4 Nd2+ 37. Kc2 Nxe4 38. a5 Nc5 39. Nd5 Kg7 40. Kc3 Na6 41. Nb4 Nc7 42. a6 Kf7 43. Kd4 Ke6 44. a7 {[%emt 0:01:22] normal} g5 {[%emt 0:03:27] normal} 1/2-1/2

[Event "DVM U20 2019"]
[Site "Braunschweig"]
[Date "2019.12.29"]
[Round "5"]
[White "Hoenselaar, Dennis"]
[Black "Grimm, Ling Leander"]
[Result "0-1"]
[ECO "A10"]
[WhiteElo "1769"]
[BlackElo "1777"]
[Annotator "NA"]
[PlyCount "113"]
[EventDate "2019.12.27"]
[EventType "team-tourn"]
[EventRounds "7"]
[EventCountry "GER"]
[SourceTitle "playchess.com"]
[Source "ChessBase"]
[SourceQuality "1"]
[WhiteTeam "SK Turm Kleve"]
[BlackTeam "SK Bebenhausen"]
[TimeControl "40/5400+30:1800+30"]

1. c4 f5 2. Nc3 Nf6 3. g3 g6 4. Bg2 Bg7 5. e3 O-O 6. Nge2 d6 7. O-O e5 8. d3 c6 9. f4 Nbd7 10. Rb1 Re8 11. h3 e4 12. d4 Qe7 13. b4 Qf7 14. c5 dxc5 15. bxc5 Nf8 16. Qb3 Rb8 17. Qxf7+ Kxf7 18. Rd1 Be6 19. Bf1 Bc4 20. Rb4 Bd3 21. Bb2 Ne6 22. Nc1 Bxf1 23. Kxf1 Nc7 24. Kf2 Nfd5 25. Nxd5 Nxd5 26. Rc4 Ke6 27. Ne2 Bf8 28. Nc3 Rec8 29. Nxd5 Kxd5 30. Ra4 Ra8 31. Ba3 Be7 32. Rb1 Rcb8 33. Bc1 Bd8 34. Bd2 Bc7 35. h4 Bd8 36. Rab4 b5 37. R4b2 Rb7 38. a4 a6 39. a5 Rab8 40. Bb4 h6 41. Rh1 Rg7 42. Rbb1 Bc7 43. g4 fxg4 44. Rbg1 Kc4 45. Rb1 Rd8 46. Rhc1+ Kd5 47. Rg1 h5 48. Rh1 Rf7 49. Kg3 Rdf8 50. Rhf1 Rf5 51. Rb2 g5 52. hxg5 Rxg5 53. Rh2 Rgf5 54. Rc2 Rg8 55. Be1 Bd8 56. Rh1 h4+ 57. Kg2 {[%emt 0:00:00] normal} 0-1

[Event "DVM U20 2019"]
[Site "Braunschweig"]
[Date "2019.12.29"]
[Round "5"]
[White "Grining, Maria"]
[Black "Seref, Erdogan"]
[Result "1-0"]
[ECO "D04"]
[WhiteElo "1744"]
[BlackElo "2003"]
[Annotator "NA"]
[PlyCount "41"]
[EventDate "2019.12.27"]
[EventType "team-tourn"]
[EventRounds "7"]
[EventCountry "GER"]
[SourceTitle "playchess.com"]
[Source "ChessBase"]
[SourceQuality "1"]
[WhiteTeam "Karlsruher SF"]
[BlackTeam "SF Brackel"]
[TimeControl "40/5400+30:1800+30"]

1. d4 Nf6 2. Nf3 d5 3. e3 c5 4. c4 {[%emt 0:00:07] unterminated} Nc6 {[%emt 0:01:28] unterminated} 5. Nc3 {[%emt 0:00:51] unterminated} Bg4 $16 (5... cxd4 $11 6. exd4 e6) 6. cxd5 Nxd5 7. Bc4 e6 8. O-O cxd4 9. exd4 Bxf3 10. Qxf3 Nxd4 11. Qe4 Nxc3 12. bxc3 Nc6 13. Rb1 Qc8 14. Qg4 Bd6 15. Qxg7 Be5 16. Qg5 Qc7 17. g3 Bxc3 18. Ba3 Qe5 19. Qxe5 Nxe5 20. Bb5+ Nc6 21. Rfc1 {[%emt 0:01:42] normal} 1-0

[Event "DVM U20 2019"]
[Site "Braunschweig"]
[Date "2019.12.29"]
[Round "5"]
[White "Heise, Tobias"]
[Black "Klenk, Sofie"]
[Result "1/2-1/2"]
[ECO "D00"]
[WhiteElo "1712"]
[BlackElo "1812"]
[Annotator "NA"]
[PlyCount "89"]
[EventDate "2019.12.27"]
[EventType "team-tourn"]
[EventRounds "7"]
[EventCountry "GER"]
[SourceTitle "playchess.com"]
[Source "ChessBase"]
[SourceQuality "1"]
[WhiteTeam "SK Lehrte 1919"]
[BlackTeam "SF Augsburg"]
[TimeControl "40/5400+30:1800+30"]

1. d4 d5 2. Bf4 c5 3. e3 Nf6 4. c3 Nc6 5. Bd3 Qb6 6. Qb3 c4 7. Qxb6 axb6 8. Bc2 e6 9. Nd2 b5 10. Ngf3 b4 11. O-O Be7 12. e4 O-O 13. e5 Nd7 14. Bg5 Bxg5 15. Nxg5 h6 16. Nh3 Nb6 17. f4 bxc3 18. bxc3 Na4 19. Rf3 Nb2 20. a3 Ne7 21. Rb1 Na4 22. Rb4 b5 23. Rxb5 Ra7 24. Rb4 Bd7 25. g4 g6 26. Nf2 Rfa8 27. h4 Nc6 28. Rb1 Rb8 29. h5 Rxb1+ 30. Nxb1 g5 31. Nh3 gxf4 32. Nxf4 Kg7 33. Rg3 Nb6 34. g5 Ra8 35. g6 Rg8 36. gxf7+ Kxf7 37. Bg6+ Ke7 38. Rf3 Rf8 39. Kg2 Nd8 40. Kg3 Rg8 41. Kh4 Be8 42. Rf2 Na4 43. Bc2 Nb6 44. Ng6+ Kd7 45. a4 {[%emt 0:00:00] normal} 1/2-1/2

[Event "DVM U20 2019"]
[Site "Braunschweig"]
[Date "2019.12.29"]
[Round "5"]
[White "Roesler, Hannah Clara"]
[Black "Habersetzer, Elyse"]
[Result "1/2-1/2"]
[ECO "C02"]
[WhiteElo "1695"]
[BlackElo "1650"]
[Annotator "NA"]
[PlyCount "77"]
[EventDate "2019.12.27"]
[EventType "team-tourn"]
[EventRounds "7"]
[EventCountry "GER"]
[SourceTitle "playchess.com"]
[Source "ChessBase"]
[SourceQuality "1"]
[WhiteTeam "SK Bebenhausen"]
[BlackTeam "SK Turm Kleve"]
[TimeControl "40/5400+30:1800+30"]

1. e4 e6 2. d4 d5 3. e5 c5 4. c3 Nc6 5. Nf3 Qb6 6. Bd3 Bd7 7. dxc5 Bxc5 8. O-O Qc7 9. b4 Bb6 10. Qe2 Nge7 11. a4 Qd8 12. Nbd2 a6 13. Nb3 Nf5 14. Ba3 Rc8 15. Rad1 Nce7 16. Nc5 Bxc5 17. bxc5 Bxa4 18. Rd2 Bc6 19. Nd4 Qa5 20. Bb4 Nxd4 21. Qg4 Qd8 22. cxd4 Ng6 23. f4 Qh4 24. Qf3 O-O 25. g3 Qd8 26. f5 exf5 27. Bxf5 Rb8 28. Qa3 Qg5 29. Rdf2 Ne7 30. h4 Qh5 31. g4 Qh6 32. Bd2 g5 33. Bxg5 Qg7 34. Bxe7 Rfe8 35. Bd6 Rbd8 36. Qe3 Bd7 37. Bc7 Bxf5 38. Bxd8 Bxg4 39. Bf6 {[%emt 0:00:44] normal} 1/2-1/2